 Dungeon Crawl Stone Soup version 0.23.2-33-g5129a83184 (webtiles) character file.

Game seed: 6945006463466570643

3370 Sagoz the Thaumaturge (level 9, -1/69 HPs)
             Began as a Mummy Wizard on July 24, 2019.
             Was a Follower of Yredelemnul.
             Slain by Harold
             ... wielding a +0 mace
              (16 damage)
             ... on level 8 of the Dungeon.
             The game lasted 00:32:40 (8602 turns).

Sagoz the Thaumaturge (Mummy Wizard)                Turns: 8602, Time: 00:32:40

Health: -1/69      AC:  8    Str: 11    XL:     9   Next: 73%
Magic:  19/30      EV:  7    Int: 20    God:    Yredelemnul [*.....]
Gold:   324        SH:  0    Dex: 10    Spells: 16/25 levels left

rFire    x . .     SeeInvis .   m - +3 dagger (venom)
rCold    + . .     Gourm    .   l - +0 buckler
rNeg     + + +     Faith    .   h - +1 robe {Archmagi}
rPois    ∞         Spirit   .   b - +0 hat
rElec    .         Reflect  .   i - +2 cloak
rCorr    .         Harm     .   s - +1 pair of gloves
MR       +....                  (no boots)
Stlth    ++........             (no amulet)
HPRegen  0.21/turn              e - ring of wizardry
MPRegen  0.22/turn              q - ring of magical power

@: marked, held
A: no food or potions, fire vulnerability, cold resistance 1, negative energy
resistance 3, torment resistance, unbreathing
a: Animate Remains, Renounce Religion


You were on level 8 of the Dungeon.
You worshipped Yredelemnul.
Yredelemnul was aware of your devotion.
You were not hungry.

You visited 2 branches of the dungeon, and saw 9 of its levels.

You collected 324 gold pieces.

Inventory:

Hand Weapons
 d - a +1 spear of piercing
 g - a +3 short sword
 m - a +3 dagger of venom (weapon)
 n - a +2 glaive of freezing
 w - the cursed +0 whip "Impslayer" {slash, *Noise rF+++ rC- SInv}
   (You found it on level 6 of the Dungeon)

   It inflicts extra damage upon your enemies.
   It renders you almost immune to fire.
   It makes you vulnerable to cold.
   It lets you see invisible.
   It may make noises in combat.
   It has a curse placed upon it.
 x - the cursed +1 mace "Undertaker" {speed, rN+ MR+ Int+2}
   (You found it on level 7 of the Dungeon)

   Attacks with this weapon are significantly faster.
   It affects your intelligence (+2).
   It protects you from negative energy.
   It affects your resistance to hostile enchantments.
   It has a curse placed upon it.
Armour
 b - a +0 hat (worn)
 h - a +1 robe of the Archmagi (worn)
 i - a +2 cloak (worn)
 l - a +0 buckler (worn)
 o - a +2 robe of magic resistance
 s - a +1 pair of gloves (worn)
Magical Staves
 p - an uncursed staff of death
Jewellery
 e - a ring of wizardry (left hand)
 q - a ring of magical power (right hand)
 t - an uncursed ring of wizardry
Wands
 r - a wand of iceblast (8)
 v - a wand of disintegration (14)
 y - a wand of flame (25)
 z - a wand of polymorph (5)
Scrolls
 a - 2 scrolls of fear
 c - 2 scrolls of teleportation
 f - 3 scrolls of remove curse
 j - 3 scrolls of identify
 k - a scroll of immolation
 u - 4 scrolls of magic mapping


   Skills:
 + Level 6.1 Fighting
 * Level 7.4 Dodging
 - Level 1.5 Stealth
 + Level 8.5 Spellcasting
 + Level 5.1 Conjurations
 - Level 0.7 Summonings
   Level 0.7 Translocations


You had 16 spell levels left.
You knew the following spells:

 Your Spells              Type           Power        Failure   Level  Hunger
a - Magic Dart            Conj           ####         1%          1    N/A
b - Call Imp              Summ           ###.....     6%          2    N/A
c - Mephitic Cloud        Conj/Pois/Air  ###.....     9%          3    N/A
d - Conjure Flame         Conj/Fire      ####....     6%          3    N/A

Your spell library contained the following spells:

 Spells                   Type           Power        Failure   Level  Hunger
 Blink                    Tloc           N/A          6%          2    N/A
 Slow                     Hex            ##......     9%          2    N/A

Dungeon Overview and Level Annotations

Branches:
Dungeon (8/15)             Temple (1/1) D:6
   Lair: D:8-11

Altars:
Ashenzari
Dithmenos
Elyvilon
Fedhas
Gozag
Hepliaklqana
Makhleb
Nemelex Xobeh
Okawaru
Qazlal
Ru
Sif Muna
Trog
Uskayaw
Vehumet
Wu Jian
Xom
Yredelemnul
Zin
The Shining One

Shops:
D:4 %*

Annotations:
D:8 Harold


Innate Abilities, Weirdness & Mutations

You do not eat or drink.
Your flesh is vulnerable to fire.
You are immune to poison.
Your flesh is cold resistant. (rC+)
You are immune to negative energy. (rN+++)
You are immune to unholy pain and torment.
You can survive without breathing.


Message History

Confirm with . or Enter, or press ? or * to list all spells.
Aiming: Magic Dart (safe; 1% risk of failure)
Press: ? - help, Shift-Dir - straight line, f/p - Harold
Aim: Harold, wielding a +0 mace and wearing a +0 scale mail of magic resistance (lightly wounded)
You feel a surge of power!
The magic dart hits Harold.
Harold is lightly wounded.
Harold hits you with a +0 mace!!
* * * LOW HITPOINT WARNING * * *
Casting: Magic Dart (safe; 1% risk of failure)
Confirm with . or Enter, or press ? or * to list all spells.
Aiming: Magic Dart (safe; 1% risk of failure)
Press: ? - help, Shift-Dir - straight line, f/p - Harold
Aim: Harold, wielding a +0 mace and wearing a +0 scale mail of magic resistance (lightly wounded)
You feel a surge of power!
The magic dart hits Harold.
Harold is moderately wounded.
You struggle against the net.
Harold hits you with a +0 mace.
* * * LOW HITPOINT WARNING * * *
You struggle against the net.
Harold hits you with a +0 mace!
You die...
Yredelemnul claims you as an undead slave.

.#.#.# #.# #.##########
.#.#.## #######.# #.#
.#>...# #.......# #.#
.#.#### #.......# #.
.#....# #.......#
.#.##.# #.......#
.#.<#.# #.......#
.#..#.# #......@# #
###### .####.# #......@#
#.# #....# ......#
###.Z...#####.#####....#
#######
..................'..(()
#######.#####.#.###..(.#
######.###............#
+......................#
#######............!...#
#####.....%......#
####### #............#


You could see Harold and an adder skeleton.

Vanquished Creatures
  Pikel (D:6)
  Grinder (D:6)
  Prince Ribbit (D:5)
  A hungry ghost (D:7)
  Duvessa (D:4)
  A slave (D:6)
  An ice beast (D:6)
  An orc warrior (D:8)
  2 sky beasts
  2 ogres (D:6)
  5 centaurs
  Blork the orc (D:5)
  A big kobold (D:8)
  A bullfrog (D:6)
  Dowan (D:4)
  6 scorpions
  A howler monkey (D:6)
  2 crimson imps
  A bullfrog zombie (D:6)
  2 hounds
  An orc priest (D:8)
  2 centaur skeletons
  Jessica (D:4)
  2 iguanas
  2 orc wizards
  6 worker ants
  A worker ant zombie (D:7)
  11 adders
  2 shadow imps (D:7)
  An adder zombie (D:7)
  2 worms
  3 dart slugs
  3 leopard geckos
  21 orcs
  5 giant cockroaches
  10 goblins
  5 hobgoblins
  9 jackals
  5 kobolds
  A quokka (D:3)
  A ball python (D:1)
  4 bats
  3 frilled lizards
  A jackal skeleton (D:6)
  A leopard gecko skeleton (D:6)
  8 rats
144 creatures vanquished.

Vanquished Creatures (collateral kills)
  An ogre (D:8)
  2 orcs (D:8)
  2 goblins (D:1)
5 creatures vanquished.

Vanquished Creatures (others)
  A quokka (D:8)
1 creature vanquished.

Grand Total: 150 creatures vanquished

Notes
Turn   | Place    | Note
-------+----------+-------------------------------------------
     0 | D:1      | Sagoz the Mummy Wizard began the quest for the Orb.
     0 | D:1      | Reached XP level 1. HP: 13/13 MP: 5/5
   296 | D:1      | Reached skill level 1 in Conjurations
   365 | D:1      | Reached XP level 2. HP: 20/20 MP: 5/7
   373 | D:1      | Learned a level 2 spell: Call Imp
   564 | D:1      | Reached skill level 1 in Fighting
   937 | D:2      | Reached XP level 3. HP: 22/26 MP: 0/8
  1101 | D:2      | Learned a level 3 spell: Mephitic Cloud
  1105 | D:2      | Learned a level 3 spell: Conjure Flame
  1207 | D:2      | Noticed a +0 dagger
  1208 | D:2      | Noticed a +0 hand axe
  1210 | D:2      | Found a hide-covered altar of Uskayaw.
  1678 | D:3      | Reached XP level 4. HP: 26/32 MP: 0/10
  2374 | D:4      | Found an iron altar of Okawaru.
  2395 | D:4      | Noticed Duvessa
  2395 | D:4      | Noticed Dowan
  2413 | D:4      | Noticed an ogre
  3380 | D:4      | Found Ussumead's Assorted Antiques.
  3467 | D:4      | Killed Duvessa
  3467 | D:4      | Reached skill level 5 in Spellcasting
  3467 | D:4      | Reached XP level 5. HP: 6/39 MP: 4/12
  3794 | D:4      | Reached XP level 6. HP: 46/46 MP: 7/13
  3988 | D:4      | Killed Dowan
  4196 | D:4      | Found Sishenk's Food Emporium.
  4243 | D:4      | Noticed Jessica
  4250 | D:4      | Killed Jessica
  4386 | D:4      | Found a sparkling altar of Nemelex Xobeh.
  4623 | D:5      | Entered Level 5 of the Dungeon
  4623 | D:5      | Found an opulent altar of Gozag.
  4663 | D:5      | Noticed Prince Ribbit
  4675 | D:5      | Killed Prince Ribbit
  4675 | D:5      | Reached XP level 7. HP: 21/52 MP: 7/15
  5058 | D:5      | Reached skill level 6 in Spellcasting
  5325 | D:5      | Noticed Blork the orc
  5365 | D:5      | Killed Blork the orc
  5692 | D:6      | Noticed Grinder
  5720 | D:6      | Reached XP level 8. HP: 25/60 MP: 2/17
  5746 | D:6      | Killed Grinder
  5746 | D:6      | Reached skill level 5 in Dodging
  5906 | D:6      | Noticed Pikel
  5918 | D:6      | Killed Pikel
  5918 | D:6      | Reached skill level 7 in Spellcasting
  6305 | D:6      | Reached skill level 5 in Fighting
  6359 | D:6      | Found a staircase to the Ecumenical Temple.
  6368 | D:6      | Found a blossoming altar of Fedhas.
  6383 | Temple   | Entered the Ecumenical Temple
  6567 | Temple   | Became a worshipper of Yredelemnul the Dark
  6637 | D:6      | Reached XP level 9. HP: 56/68 MP: 20/20
  7006 | D:6      | Got a faintly glowing whip
  7007 | D:6      | Identified the cursed +0 whip "Impslayer" {slash, *Noise
                  | rF+++ rC- SInv} (You found it on level 6 of the Dungeon)
  7291 | D:7      | Got a jewelled mace
  7416 | D:7      | Identified the cursed +1 mace "Undertaker" {speed, rN+ MR+
                  | Int+2} (You found it on level 7 of the Dungeon)
  7705 | D:8      | Reached skill level 8 in Spellcasting
  7714 | D:8      | Found a shimmering altar of Xom.
  7847 | D:8      | HP: 3/69 [centaur/arrow (4)]
  8025 | D:8      | Reached * piety under Yredelemnul
  8400 | D:8      | Found a hazy altar of Hepliaklqana.
  8408 | D:8      | Reached skill level 5 in Conjurations
  8419 | D:8      | Found a white marble altar of Elyvilon.
  8537 | D:8      | Found a shattered altar of Ashenzari.
  8582 | D:8      | Noticed Harold
  8602 | D:8      | Slain by Harold

Skill      XL: |  1  2  3  4  5  6  7  8  9 |
---------------+----------------------------+-----
Conjurations   | 1 2 3 4 5 |  5.1
Fighting       | 1 2 3 4 5 6 |  6.1
Dodging        | 2 3 4 6 7 |  7.4
Spellcasting   | 5 6 7 8 |  8.5
Stealth        | |  1.5
Summonings     | |  0.7
Translocations | |  0.7

Action                   |  1- 3 |  4- 6 |  7- 9 || total
-------------------------+-------+-------+-------++-------
Melee: Short sword       |    12 |       |       ||    12
       Dagger            |    19 |    54 |   164 ||   237
 Cast: Magic Dart        |    85 |   127 |   296 ||   508
       Call Imp          |     1 |     1 |     6 ||     8
       Mephitic Cloud    |     1 |     5 |     3 ||     9
       Conjure Flame     |       |     2 |     2 ||     4
Evoke: Wand              |       |       |     1 ||     1
  Use: Scroll            |     5 |     4 |     7 ||    16
 Stab: Confused          |       |     1 |       ||     1
       Sleeping          |       |       |     1 ||     1
Armor: Robe              |    11 |    27 |    78 ||   116
Dodge: Dodged            |    22 |    54 |   202 ||   278
Block: Buckler           |     7 |    11 |    27 ||    45
